 Dungeon Crawl Stone Soup version 0.30-a0-782-ge64f9170bb (webtiles) character file.

Game seed: 4167459751540571877

214 Barriton the Gusty (level 5, -10/39 HPs)
             Began as a Draconian Air Elementalist on Mar 13, 2023.
             Mangled by vineage's ghost (12 damage)
             ... on level 3 of the Dungeon.
             The game lasted 00:04:25 (3154 turns).

Barriton the Gusty (Draconian Air Elementalist)     Turns: 3154, Time: 00:04:26

Health: -10/39     AC:  6    Str: 10    XL:     5   Next: 59%
Magic:  4/9        EV: 12    Int: 17    God:
Gold:   119        SH:  0    Dex: 12    Spells: 7/10 levels left

rFire   . . .      SeeInvis .    (no weapon)
rCold   . . .      Faith    .    (no shield)
rNeg    . . .      Spirit   .    (body armour unavailable)
rPois   .          Reflect  .    (helmet restricted)
rElec   .          Harm     .    j - +0 cloak
rCorr   .          Rampage  .    (no gloves)
Will    .....                    (no boots)
Stlth   ++                       h - amulet of regeneration
HPRegen 1.06/turn                (no ring)
MPRegen 0.11/turn                (no ring)

@: no status effects
A: AC +5, unfitting armour, cold-blooded
a: no special abilities


You were on level 3 of the Dungeon.
You visited 1 branch of the dungeon, and saw 3 of its levels.

You collected 119 gold pieces.

Inventory:

Armour
 j - a +0 cloak (worn)
Jewellery
 h - an amulet of regeneration (around neck)
Wands
 f - a wand of flame (28)
Scrolls
 i - a scroll of teleportation
 k - a scroll of enchant armour
 m - a scroll of silence {unknown}
Potions
 b - 2 potions of heal wounds {unknown}
 c - 5 potions of curing
 d - a potion of haste {unknown}
 e - 2 potions of flight {unknown}
 g - a potion of lignification {unknown}
 l - a potion of mutation {unknown}
 n - a potion of degeneration {unknown}


   Skills:
 + Level 0.5 Fighting
 - Level 1.7 Dodging
 - Level 1.7 Stealth
 + Level 0.6 Unarmed Combat
 + Level 3.2 Spellcasting
 + Level 2.1 Conjurations
 * Level 5.1 Air Magic


You had 7 spell levels left.
You knew the following spells:

 Your Spells              Type           Power      Damage    Failure   Level
a - Shock                 Conj/Air       60%        1d6       3%          1
b - Static Discharge      Conj/Air       30%        2-4/arc   6%          2

Your spell library contained the following spells:

 Spells                   Type           Power      Damage    Failure   Level
 Swiftness                Air            20%        N/A       6%          3
 Airstrike                Air            10%        2d(2-18)  21%         4
 Ensorcelled Hibernation  Hex/Ice        4%         N/A       26%         2
 Spider Form              Tmut/Pois      2%         N/A       45%         3
 Anguish                  Hex/Necr       1%         N/A       86%         4


Dungeon Overview and Level Annotations

Branches:
Dungeon (3/15)

Altars:

Annotations:
D:3 vineage's ghost, amateur GrFi


Innate Abilities, Weirdness & Mutations

Your plain brown scales are hard. (AC +5)
You cannot fit into any form of body armour.
You are cold-blooded and may be slowed by cold attacks.


Message History

Vineage's ghost barely misses you.
You hit vineage's ghost but do no damage.
Vineage's ghost hits you but does no damage.
You hit vineage's ghost but do no damage.
Magic courses through your body. Vineage's ghost hits you!
* * * LOW HITPOINT WARNING * * *
You are too injured to fight recklessly!
You are too injured to fight recklessly!
You are too injured to fight recklessly!
Casting: Shock (safe; 3% risk of failure)
Confirm with . or Enter, or press ? or * to list all spells.
Aiming: Shock (safe; 3% risk of failure)
Press: ? - help, Shift-Dir - straight line, f/p - vineage's ghost
Aim: vineage's ghost (83% to hit)
The zap hits vineage's ghost.
Vineage's ghost completely resists.
Vineage's ghost screams, "You will never get the ORB!"
Vineage's ghost barely misses you.
Casting: Shock (safe; 3% risk of failure)
Confirm with . or Enter, or press ? or * to list all spells.
Vineage's ghost is struck by an arc of lightning.
Vineage's ghost resists.
Vineage's ghost is lightly damaged.
You are struck by an arc of lightning.
* * * LOW HITPOINT WARNING * * *
Vineage's ghost is struck by an arc of lightning.
Vineage's ghost resists.
Vineage's ghost is lightly damaged.
You are struck by an arc of lightning.
* * * LOW HITPOINT WARNING * * *
The lightning grounds out.
Vineage's ghost hits you.
* * * LOW HITPOINT WARNING * * *
Casting: Static Discharge (safe; 6% risk of failure)
Confirm with . or Enter, or press ? or * to list all spells.
Vineage's ghost is struck by an arc of lightning.
Vineage's ghost resists.
Vineage's ghost is lightly damaged.
You are struck by an arc of lightning.
* * * LOW HITPOINT WARNING * * *
The lightning grounds out.
Vineage's ghost hits you!
You die...

......##.........#.#
......##.........#.#
......##.........#.#
......############.# ...)..#
#.# .##'### #.# .##.#
#########.# .##.#
#.....#...# ###.#
#(~~≈~W@..#
#.######.....#...#
#......#########'#######
#...........# #........#
#...........###........#
#...........##.........#
#...........##.#.......#
#......................#####
#..........).#.###.........#


You could see vineage's ghost.

Vanquished Creatures
  A phantom (D:2)
  3 gnolls (D:2)
  6 adders
  A worm (D:2)
  2 dart slugs (D:2)
  2 endoplasms
  A giant cockroach (D:1)
  8 goblins
  6 hobgoblins
  4 jackals
  A quokka (D:3)
  6 ball pythons
  2 bats
  2 frilled lizards (D:2)
  5 kobolds
  7 rats
57 creatures vanquished.

Notes
Turn   | Place    | Note
-------+----------+-------------------------------------------
     0 | D:1      | Barriton the Draconian Air Elementalist began the quest for
                  | the Orb.
     0 | D:1      | Reached XP level 1. HP: 14/14 MP: 3/3
   339 | D:1      | You fall into a shaft and drop 1 floor!
   342 | D:2      | Reached XP level 2. HP: 20/20 MP: 3/5
   560 | D:2      | Reached skill level 4 in Air Magic
   560 | D:2      | Reached XP level 3. HP: 14/26 MP: 0/6
  1166 | D:2      | Reached XP level 4. HP: 33/33 MP: 4/7
  1182 | D:2      | Noticed a phantom
  1208 | D:2      | Killed a phantom
  1209 | D:2      | Reached XP level 5. HP: 10/39 MP: 0/9
  1853 | D:2      | Learned a level 2 spell: Static Discharge
  2279 | D:3      | Reached skill level 5 in Air Magic
  2525 | D:3      | Found a runed translucent door.
  2526 | D:3      | Noticed vineage's ghost (amateur GrFi)
  3154 | D:3      | HP: 1/39 [/static electricity (1)]
  3154 | D:3      | Mangled by vineage's ghost

Illustrated notes

Levels and vault maps discovered:
D:1:      kennysheep_arrival_forest, layout_rooms, nrook_loot_triangle
D:2:      layout_basic
D:3:      layout_basic, ebering_ghost_reflecting_pool, grunt_ministairs_6

Skill      XL: |  1  2  3  4  5 |
---------------+----------------+-----
Air Magic      | 4 5 |  5.1
Conjurations   | 2 |  2.1
Spellcasting   | 3 |  3.2
Fighting       | |  0.5
Dodging        | |  1.7
Stealth        | |  1.7
Unarmed Combat | |  0.6

Action                     |  1- 3 |  4- 6 || total
---------------------------+-------+-------++-------
  Melee: Unarmed           |    36 |    19 ||    55
         Tailslap          |     6 |     6 ||    12
         Punch             |     1 |     1 ||     2
   Cast: Shock             |    52 |   101 ||   153
         Static Discharge  |       |     2 ||     2
    Use: Scroll            |     1 |     4 ||     5
         Potion            |       |     1 ||     1
 Armour: Skin              |     7 |    12 ||    19
  Dodge: Dodged            |    25 |    28 ||    53

Table legend: (Time is in decaauts)
 A = Elapsed time spent in this place.
 B = Non-inter-level travel time spent in this place.
 C = Inter-level travel time spent in this place.
 D = Time resting spent in this place.
 E = Time spent auto-exploring this place.
 F = Levels seen in this place.
 G = Mean time per level.
                   A        B        C        D        E       F      G
               +--------+--------+--------+--------+--------+-----+--------+
         Total |   3153 |   3089 |     64 |      0 |   2736 |   3 | 1051.0 |
       Dungeon |   3153 |   3089 |     64 |      0 |   2736 |   3 | 1051.0 |
               +--------+--------+--------+--------+--------+-----+--------+

Top non-repeatable levels by time:
     D:2: 1581 daAuts
     D:3: 880 daAuts
     D:1: 691 daAuts
